RedWings vs Flames

Created - January 6 2012 at 18:03

Goals
1 2 3 T
RedWings 1 0 1 2
Flames 4 2 1 7
Shots
1 2 3 T
RedWings 10 10 10 30
Flames 14 7 13 34

Period #1

1. RedWings , Keith Yandle 13 (Ray Whitney, Alexandre Burrows) at 0:44
2. Flames , Brenden Morrow 15 (Erik Johnson, Ryan Kesler) at 2:03 (PP)
3. Flames , Jack Johnson 9 (David Jones, Pierre-Marc Bouchard) at 8:21
4. Flames , Dustin Brown 14 (Anze Kopitar, Michael Grabner) at 18:44
5. Flames , Brenden Morrow 16 (Niklas Kronwall, Ryan Kesler) at 19:51 (PP)

Penalties :
Eric Brewer (DET) for Roughing (Minor) at 1:47, Keith Yandle (DET) for High sticking (Minor) at 2:29, Dan Boyle (CGY) for Holding (Minor) at 5:48, Eric Brewer (DET) for Roughing (Minor) at 10:19, Anze Kopitar (CGY) for Slashing (Minor) at 13:51, Nik Antropov (DET) for Interference (Minor) at 19:39

Period #2

6. Flames , Brenden Morrow 17 (Niklas Kronwall, Erik Johnson) at 15:01
7. Flames , Devin Setoguchi 4 (Niklas Kronwall, Ryan Kesler) at 17:24 (PP)

Penalties :
Jack Johnson (CGY) for Hooking (Minor) at 2:33, Dan Boyle (CGY) for Tripping (Minor) at 5:27, Alexandre Burrows (DET) for High sticking (Minor) at 13:00, Brian Campbell (DET) for Holding (Minor) at 17:06

Period #3

8. RedWings , Alexandre Burrows 18 (Zach Parise, Nik Antropov) at 1:37 (PP)
9. Flames , Ryan Kesler 20 (Mikael Samuelsson, Dan Boyle) at 6:16

Penalties :
Brenden Morrow (CGY) for Diving (Minor) at 1:27, Toni Lydman (CGY) for Goalie Interference (Minor) at 7:14, Jamie Langenbrunner (DET) for Slashing (Minor) at 10:20

Goalie Stats

Alex Auld (DET), 12 saves from 13 shots - (0.923), 22:36 minutes
Roberto Luongo (DET), 15 saves from 21 shots - (0.714), L, 24-13-5, 37:24 minutes
Miikka Kiprusoff (CGY), 28 saves from 30 shots - (0.933), W, 20-8-3, 60:00 minutes

Players Stats

RedWings
Player Name              G  A  P  +/- PIM S  H  SB FO    MP 
------------------------------------------------------------
Alexandre Burrows        1  1  2   1  2   7  4  0  1/1   21 
Brett Clark              0  0  0   0  0   0  0  1  0/0   2  
Brian Campbell           0  0  0  -3  2   0  1  1  0/0   20 
Curtis Glencross         0  0  0  -2  0   3  4  0  0/1   20 
Eric Brewer              0  0  0  -1  4   1  1  2  0/0   17 
Jamie Langenbrunner      0  0  0  -3  2   1  1  0  0/0   14 
Keith Yandle             1  0  1   0  2   5  2  0  0/0   23 
Kris Draper              0  0  0  -1  0   0  1  0  6/9   10 
Nate Thompson            0  0  0  -1  0   0  0  0  13/29 18 
Niclas Bergfors          0  0  0   0  0   0  0  0  0/0   1  
Nik Antropov             0  1  1   1  2   1  0  0  13/30 19 
Paul Martin              0  0  0   0  0   0  0  0  0/0   4  
Pavel Kubina             0  0  0  -1  0   1  1  0  0/0   21 
Ray Whitney              0  1  1   1  0   3  0  0  1/2   19 
Ryan Whitney             0  0  0   1  0   0  0  2  0/0   24 
Sergei Kostitsyn         0  0  0  -1  0   4  2  0  0/1   19 
Travis Zajac             0  0  0  -3  0   1  2  1  12/24 19 
Zach Parise              0  1  1  -3  0   3  1  1  1/1   22 
Flames
Player Name              G  A  P  +/- PIM S  H  SB FO    MP 
------------------------------------------------------------
Alex Steen               0  0  0   1  0   3  0  0  1/2   18 
Andrew MacDonald         0  0  0   1  0   3  1  2  0/0   17 
Anze Kopitar             0  1  1   2  2   1  1  0  12/36 23 
Brenden Morrow           3  0  3   0  2   5  5  0  0/2   21 
Dan Boyle                0  1  1   0  4   0  0  0  0/0   19 
Dan Hamhuis              0  0  0   2  0   0  2  3  0/0   20 
David Jones              0  1  1   1  0   1  2  0  0/0   17 
Devin Setoguchi          1  0  1   0  0   1  2  0  1/1   8  
Dustin Brown             1  0  1   2  0   1  5  0  0/0   14 
Erik Johnson             0  2  2   0  0   0  0  0  0/0   12 
Jack Johnson             1  0  1   1  2   2  0  1  0/0   18 
Jiri Hudler              0  0  0   0  0   0  0  0  0/0   0  
Michael Grabner          0  1  1   2  0   4  0  0  0/0   20 
Mikael Samuelsson        0  1  1   0  0   1  0  0  0/0   12 
Niklas Kronwall          0  3  3   0  0   2  2  1  0/0   21 
Pierre-Marc Bouchard     0  1  1   1  0   2  0  0  10/18 16 
Ryan Kesler              1  3  4   0  0   8  0  0  27/39 21 
Toni Lydman              0  0  0   2  2   0  0  0  0/0   13 

3 Stars

1 - Brenden Morrow (CGY)
2 - Ryan Kesler (CGY)
3 - Dustin Brown (CGY)

Power Play

RedWings - 1 on 6 Attempt(s) - 16.67%
Flames - 3 on 7 Attempt(s) - 42.86%

Penalty Kill

RedWings - 4 on 7 Attempt(s) - 57.14% - Score 0 goal in Penalty Kill
Flames - 5 on 6 Attempt(s) - 83.33% - Score 0 goal in Penalty Kill

Game Notes

Paul Martin is injured at 11:53 of 1st period (Abdomen/Ribs)
Brenden Morrow has scored a Hat Trick!
Alex Auld enters game at 17:24 of 2nd period

Finance

Level 1 -- Attendance: 6255 (96.23%) -- Ticket Income $469,125.00
Level 2 -- Attendance: 5000 (100.00%) -- Ticket Income $250,000.00
Level 3 -- Attendance: 3242 (92.63%) -- Ticket Income $97,260.00
Level 4 -- Attendance: 3053 (92.82%) -- Ticket Income $48,848.00
Luxury Box -- Attendance: 1000 (100.00%) -- Ticket Income $150,000.00
Game was played at the ScotiaBank Saddledome
Total Attendance: 18550 (96.17%)
Total Ticket Income: $1,099,413.00
Other Income: $219,195.90
Total Income: $1,318,609.00


Play by Play

Period #1

0:01 of 1st period - Nik Antropov wins face-off versus Ryan Kesler in neutral zone.
0:30 of 1st period - Shot by Ray Whitney.
0:30 of 1st period - Stopped by Miikka Kiprusoff with a rebound.
0:32 of 1st period - Shot by Keith Yandle.
0:32 of 1st period - Stopped by Miikka Kiprusoff with a rebound.
0:42 of 1st period - Shot by Ray Whitney.
0:42 of 1st period - Shot Misses the Net.
0:44 of 1st period - Shot by Keith Yandle.
0:44 of 1st period - Goal by Keith Yandle - RedWings : 1 - Flames : 0.
0:45 of 1st period - Travis Zajac wins face-off versus Anze Kopitar in neutral zone.
1:24 of 1st period - Shot by Zach Parise.
1:24 of 1st period - Shot Misses the Net.
1:26 of 1st period - Shot by Travis Zajac.
1:26 of 1st period - Stopped by Miikka Kiprusoff without a rebound.
1:27 of 1st period - Pierre-Marc Bouchard wins face-off versus Nate Thompson in Flames zone.
1:35 of 1st period - Icing by Andrew MacDonald.
1:36 of 1st period - Alex Steen wins face-off versus Nate Thompson in Flames zone.
1:36 of 1st period - Jack Johnson is hit by Sergei Kostitsyn and loses puck.
1:47 of 1st period - Minor Penalty to Eric Brewer for Roughing.
1:48 of 1st period - Ryan Kesler wins face-off versus Kris Draper in RedWings zone.
2:03 of 1st period - Shot by Brenden Morrow.
2:03 of 1st period - Goal by Brenden Morrow - RedWings : 1 - Flames : 1.
2:04 of 1st period - Nate Thompson wins face-off versus Pierre-Marc Bouchard in neutral zone.
2:24 of 1st period - Shot by Pierre-Marc Bouchard.
2:24 of 1st period - Deflect By Alex Steen.
2:24 of 1st period - Stopped by Roberto Luongo with a rebound.
2:26 of 1st period - Shot by Jack Johnson.
2:26 of 1st period - Shot Misses the Net.
2:28 of 1st period - Shot by Andrew MacDonald.
2:28 of 1st period - Stopped by Roberto Luongo without a rebound.
2:29 of 1st period - Ryan Kesler wins face-off versus Nik Antropov in RedWings zone.
2:29 of 1st period - Minor Penalty to Keith Yandle for High sticking.
2:30 of 1st period - Kris Draper wins face-off versus Anze Kopitar in RedWings zone.
2:58 of 1st period - Shot by Dustin Brown.
2:58 of 1st period - Shot Blocked by Ryan Whitney.
3:00 of 1st period - Shot by Michael Grabner.
3:00 of 1st period - Stopped by Roberto Luongo without a rebound.
3:01 of 1st period - Nate Thompson wins face-off versus Ryan Kesler in RedWings zone.
3:01 of 1st period - Nate Thompson is hit by Brenden Morrow.
3:12 of 1st period - Off-side.
3:13 of 1st period - Ryan Kesler wins face-off versus Nate Thompson in neutral zone.
3:16 of 1st period - Shot by Ryan Kesler.
3:16 of 1st period - Shot Misses the Net.
3:42 of 1st period - Shot by Erik Johnson.
3:42 of 1st period - Shot Blocked by Zach Parise.
3:46 of 1st period - Shot by Erik Johnson.
3:46 of 1st period - Shot Hit the Post.
4:06 of 1st period - Shot by Dan Boyle.
4:06 of 1st period - Shot Blocked by Eric Brewer.
4:10 of 1st period - Shot by Jack Johnson.
4:10 of 1st period - Stopped by Roberto Luongo without a rebound.
4:11 of 1st period - Kris Draper wins face-off versus Anze Kopitar in RedWings zone.
4:19 of 1st period - Icing by Anze Kopitar.
4:20 of 1st period - Kris Draper wins face-off versus Anze Kopitar in Flames zone.
5:23 of 1st period - Dan Boyle is hit by Alexandre Burrows.
5:24 of 1st period - Icing by Dan Boyle.
5:25 of 1st period - Ryan Kesler wins face-off versus Nate Thompson in Flames zone.
5:25 of 1st period - Ryan Kesler is hit by Curtis Glencross.
5:31 of 1st period - Niklas Kronwall is hit by Sergei Kostitsyn.
5:48 of 1st period - Minor Penalty to Dan Boyle for Holding.
5:49 of 1st period - Ryan Kesler wins face-off versus Nik Antropov in Flames zone.
5:58 of 1st period - Shot by Keith Yandle.
5:58 of 1st period - Stopped by Miikka Kiprusoff without a rebound.
5:59 of 1st period - Travis Zajac wins face-off versus Ryan Kesler in Flames zone.
7:35 of 1st period - Shot by Zach Parise.
7:35 of 1st period - Deflect By Alexandre Burrows.
7:35 of 1st period - Stopped by Miikka Kiprusoff without a rebound.
7:36 of 1st period - Anze Kopitar wins face-off versus Nik Antropov in Flames zone.
8:19 of 1st period - Shot by Pierre-Marc Bouchard.
8:19 of 1st period - Deflect By David Jones.
8:19 of 1st period - Stopped by Roberto Luongo with a rebound.
8:21 of 1st period - Shot by Jack Johnson.
8:21 of 1st period - Goal by Jack Johnson - RedWings : 1 - Flames : 2.
8:22 of 1st period - Travis Zajac wins face-off versus Anze Kopitar in neutral zone.
8:29 of 1st period - Toni Lydman is hit by Jamie Langenbrunner.
8:50 of 1st period - Off-side.
8:51 of 1st period - Ryan Kesler wins face-off versus Nik Antropov in neutral zone.
8:53 of 1st period - Dan Boyle is hit by Keith Yandle and loses puck.
9:06 of 1st period - Ryan Kesler is hit by Alexandre Burrows.
9:54 of 1st period - Shot by Sergei Kostitsyn.
9:54 of 1st period - Shot Misses the Net.
10:15 of 1st period - Jack Johnson is hit by Curtis Glencross and loses puck.
10:19 of 1st period - Minor Penalty to Eric Brewer for Roughing.
10:20 of 1st period - Nate Thompson wins face-off versus Anze Kopitar in RedWings zone.
10:37 of 1st period - Shot by Jack Johnson.
10:37 of 1st period - Shot Misses the Net.
11:22 of 1st period - Icing by Dan Boyle.
11:23 of 1st period - Kris Draper wins face-off versus Anze Kopitar in Flames zone.
11:39 of 1st period - Alexandre Burrows is hit by Dustin Brown and loses puck.
11:52 of 1st period - Paul Martin is hit by Dustin Brown.
11:53 of 1st period - Paul Martin from RedWings is injured at 11:53 of 1st period (Abdomen/Ribs).
11:54 of 1st period - Nate Thompson wins face-off versus Ryan Kesler in RedWings zone.
11:54 of 1st period - Nate Thompson is hit by Brenden Morrow.
12:08 of 1st period - Shot by Brenden Morrow.
12:08 of 1st period - Shot Misses the Net.
12:10 of 1st period - Shot by Erik Johnson.
12:10 of 1st period - Shot Misses the Net.
12:12 of 1st period - Shot by Ryan Kesler.
12:12 of 1st period - Stopped by Roberto Luongo without a rebound.
12:13 of 1st period - Ryan Kesler wins face-off versus Kris Draper in RedWings zone.
12:51 of 1st period - Shot by Pierre-Marc Bouchard.
12:51 of 1st period - Stopped by Roberto Luongo with a rebound.
13:19 of 1st period - Shot by Ryan Kesler.
13:19 of 1st period - Shot Misses the Net.
13:21 of 1st period - Shot by Ryan Kesler.
13:21 of 1st period - Shot Blocked by Eric Brewer.
13:45 of 1st period - Shot by Mikael Samuelsson.
13:45 of 1st period - Stopped by Roberto Luongo without a rebound.
13:46 of 1st period - Nik Antropov wins face-off versus Anze Kopitar in RedWings zone.
13:46 of 1st period - Nik Antropov is hit by Dustin Brown.
13:51 of 1st period - Minor Penalty to Anze Kopitar for Slashing.
13:52 of 1st period - Ryan Kesler wins face-off versus Travis Zajac in Flames zone.
13:52 of 1st period - Ryan Kesler is hit by Travis Zajac.
14:10 of 1st period - Shot by Travis Zajac.
14:10 of 1st period - Deflect By Sergei Kostitsyn.
14:10 of 1st period - Shot Blocked by Dan Hamhuis.
14:17 of 1st period - Sergei Kostitsyn is hit by Dan Hamhuis and loses puck.
14:45 of 1st period - Shot by Alexandre Burrows.
14:45 of 1st period - Shot Blocked by Niklas Kronwall.
14:47 of 1st period - Shot by Zach Parise.
14:47 of 1st period - Stopped by Miikka Kiprusoff with a rebound.
14:49 of 1st period - Shot by Zach Parise.
14:49 of 1st period - Shot Misses the Net.
14:51 of 1st period - Shot by Nik Antropov.
14:51 of 1st period - Shot Misses the Net.
14:53 of 1st period - Shot by Alexandre Burrows.
14:53 of 1st period - Stopped by Miikka Kiprusoff with a rebound.
14:55 of 1st period - Shot by Zach Parise.
14:55 of 1st period - Shot Misses the Net.
14:59 of 1st period - Shot by Alexandre Burrows.
14:59 of 1st period - Deflect By Nik Antropov.
14:59 of 1st period - Stopped by Miikka Kiprusoff without a rebound.
15:00 of 1st period - Ryan Kesler wins face-off versus Travis Zajac in Flames zone.
15:14 of 1st period - Off-side.
15:15 of 1st period - Ryan Kesler wins face-off versus Nik Antropov in neutral zone.
16:07 of 1st period - Shot by Pierre-Marc Bouchard.
16:07 of 1st period - Shot Misses the Net.
16:14 of 1st period - Icing by Pavel Kubina.
16:15 of 1st period - Anze Kopitar wins face-off versus Nate Thompson in RedWings zone.
17:30 of 1st period - Shot by Mikael Samuelsson.
17:30 of 1st period - Shot Misses the Net.
17:32 of 1st period - Shot by Ryan Kesler.
17:32 of 1st period - Shot Misses the Net.
17:34 of 1st period - Shot by Niklas Kronwall.
17:34 of 1st period - Stopped by Roberto Luongo without a rebound.
17:35 of 1st period - Nik Antropov wins face-off versus Pierre-Marc Bouchard in RedWings zone.
18:00 of 1st period - Shot by Alexandre Burrows.
18:00 of 1st period - Stopped by Miikka Kiprusoff without a rebound.
18:01 of 1st period - Anze Kopitar wins face-off versus Travis Zajac in Flames zone.
18:01 of 1st period - Anze Kopitar is hit by Curtis Glencross.
18:07 of 1st period - Shot by Dustin Brown.
18:07 of 1st period - Shot Misses the Net.
18:12 of 1st period - Off-side.
18:13 of 1st period - Travis Zajac wins face-off versus Anze Kopitar in neutral zone.
18:44 of 1st period - Shot by Dustin Brown.
18:44 of 1st period - Goal by Dustin Brown - RedWings : 1 - Flames : 3.
18:45 of 1st period - Nik Antropov wins face-off versus Ryan Kesler in neutral zone.
18:51 of 1st period - Ryan Whitney is hit by Brenden Morrow and loses puck.
18:58 of 1st period - Shot by Ryan Kesler.
18:58 of 1st period - Stopped by Roberto Luongo without a rebound.
18:59 of 1st period - Pierre-Marc Bouchard wins face-off versus Nik Antropov in RedWings zone.
19:36 of 1st period - Shot by Alex Steen.
19:36 of 1st period - Shot Misses the Net.
19:39 of 1st period - Minor Penalty to Nik Antropov for Interference.
19:40 of 1st period - Ryan Kesler wins face-off versus Nate Thompson in RedWings zone.
19:45 of 1st period - Shot by Brenden Morrow.
19:45 of 1st period - Shot Misses the Net.
19:49 of 1st period - Shot by Brenden Morrow.
19:49 of 1st period - Shot Misses the Net.
19:51 of 1st period - Shot by Brenden Morrow.
19:51 of 1st period - Goal by Brenden Morrow - RedWings : 1 - Flames : 4.
19:52 of 1st period - Nate Thompson wins face-off versus Anze Kopitar in neutral zone.
19:58 of 1st period - Anze Kopitar is hit by Eric Brewer and loses puck.

Period #2

0:01 of 2nd period - Ryan Kesler wins face-off versus Nik Antropov in neutral zone.
0:13 of 2nd period - Icing by Keith Yandle.
0:14 of 2nd period - Nik Antropov wins face-off versus Anze Kopitar in RedWings zone.
0:41 of 2nd period - Shot by Anze Kopitar.
0:41 of 2nd period - Shot Misses the Net.
0:50 of 2nd period - Icing by Michael Grabner.
0:51 of 2nd period - Travis Zajac wins face-off versus Anze Kopitar in Flames zone.
1:08 of 2nd period - Shot by Zach Parise.
1:08 of 2nd period - Shot Misses the Net.
1:12 of 2nd period - Shot by Zach Parise.
1:12 of 2nd period - Shot Misses the Net.
1:14 of 2nd period - Shot by Zach Parise.
1:14 of 2nd period - Shot Misses the Net.
1:16 of 2nd period - Shot by Travis Zajac.
1:16 of 2nd period - Shot Misses the Net.
1:18 of 2nd period - Shot by Brian Campbell.
1:18 of 2nd period - Shot Blocked by Dan Hamhuis.
1:20 of 2nd period - Shot by Travis Zajac.
1:20 of 2nd period - Shot Misses the Net.
1:24 of 2nd period - Shot by Zach Parise.
1:24 of 2nd period - Stopped by Miikka Kiprusoff with a rebound.
1:28 of 2nd period - Shot by Zach Parise.
1:28 of 2nd period - Stopped by Miikka Kiprusoff without a rebound.
1:29 of 2nd period - Ryan Kesler wins face-off versus Nate Thompson in Flames zone.
1:39 of 2nd period - Sergei Kostitsyn is hit by Niklas Kronwall and loses puck.
1:56 of 2nd period - Shot by Sergei Kostitsyn.
1:56 of 2nd period - Stopped by Miikka Kiprusoff with a rebound.
2:00 of 2nd period - Shot by Sergei Kostitsyn.
2:00 of 2nd period - Stopped by Miikka Kiprusoff without a rebound.
2:01 of 2nd period - Pierre-Marc Bouchard wins face-off versus Nik Antropov in Flames zone.
2:33 of 2nd period - Minor Penalty to Jack Johnson for Hooking.
2:34 of 2nd period - Travis Zajac wins face-off versus Anze Kopitar in Flames zone.
2:51 of 2nd period - Dan Hamhuis is hit by Travis Zajac and loses puck.
3:55 of 2nd period - Icing by Pavel Kubina.
3:56 of 2nd period - Ryan Kesler wins face-off versus Travis Zajac in RedWings zone.
4:17 of 2nd period - Shot by Sergei Kostitsyn.
4:17 of 2nd period - Stopped by Miikka Kiprusoff with a rebound.
5:07 of 2nd period - Travis Zajac is hit by Devin Setoguchi and loses puck.
5:27 of 2nd period - Minor Penalty to Dan Boyle for Tripping.
5:28 of 2nd period - Anze Kopitar wins face-off versus Nik Antropov in Flames zone.
5:50 of 2nd period - Ryan Whitney is hit by Niklas Kronwall and loses puck.
6:12 of 2nd period - Icing by Curtis Glencross.
6:13 of 2nd period - Ryan Kesler wins face-off versus Curtis Glencross in RedWings zone.
6:28 of 2nd period - Shot by Pavel Kubina.
6:28 of 2nd period - Stopped by Miikka Kiprusoff with a rebound.
6:30 of 2nd period - Shot by Kris Draper.
6:30 of 2nd period - Shot Misses the Net.
6:32 of 2nd period - Shot by Pavel Kubina.
6:32 of 2nd period - Shot Blocked by Dan Hamhuis.
6:34 of 2nd period - Shot by Curtis Glencross.
6:34 of 2nd period - Stopped by Miikka Kiprusoff without a rebound.
6:35 of 2nd period - Nik Antropov wins face-off versus Anze Kopitar in Flames zone.
6:36 of 2nd period - Shot by Keith Yandle.
6:36 of 2nd period - Stopped by Miikka Kiprusoff without a rebound.
6:37 of 2nd period - Anze Kopitar wins face-off versus Nik Antropov in Flames zone.
7:03 of 2nd period - Shot by Alexandre Burrows.
7:03 of 2nd period - Stopped by Miikka Kiprusoff with a rebound.
7:05 of 2nd period - Shot by Alexandre Burrows.
7:05 of 2nd period - Shot Misses the Net.
7:20 of 2nd period - Icing by Sergei Kostitsyn.
7:21 of 2nd period - Anze Kopitar wins face-off versus Travis Zajac in RedWings zone.
7:26 of 2nd period - Shot by Brenden Morrow.
7:26 of 2nd period - Shot Misses the Net.
7:28 of 2nd period - Shot by Alex Steen.
7:28 of 2nd period - Shot Misses the Net.
7:34 of 2nd period - Shot by Pierre-Marc Bouchard.
7:34 of 2nd period - Shot Hit the Post.
7:36 of 2nd period - Shot by Andrew MacDonald.
7:36 of 2nd period - Stopped by Roberto Luongo without a rebound.
7:37 of 2nd period - Devin Setoguchi wins face-off versus Nate Thompson in RedWings zone.
9:12 of 2nd period - Shot by Alexandre Burrows.
9:12 of 2nd period - Stopped by Miikka Kiprusoff without a rebound.
9:13 of 2nd period - Kris Draper wins face-off versus Ryan Kesler in Flames zone.
9:52 of 2nd period - Shot by Ryan Kesler.
9:52 of 2nd period - Stopped by Roberto Luongo without a rebound.
9:53 of 2nd period - Nate Thompson wins face-off versus Pierre-Marc Bouchard in RedWings zone.
10:15 of 2nd period - Pierre-Marc Bouchard is hit by Pavel Kubina and loses puck.
10:18 of 2nd period - Shot by Andrew MacDonald.
10:18 of 2nd period - Stopped by Roberto Luongo without a rebound.
10:19 of 2nd period - Ryan Kesler wins face-off versus Travis Zajac in RedWings zone.
10:41 of 2nd period - Icing by Curtis Glencross.
10:42 of 2nd period - Pierre-Marc Bouchard wins face-off versus Travis Zajac in RedWings zone.
11:07 of 2nd period - Shot by Alex Steen.
11:07 of 2nd period - Shot Blocked by Travis Zajac.
12:01 of 2nd period - Off-side.
12:02 of 2nd period - Nate Thompson wins face-off versus Anze Kopitar in neutral zone.
12:02 of 2nd period - Sergei Kostitsyn is hit by Dustin Brown.
12:20 of 2nd period - Shot by Dan Hamhuis.
12:20 of 2nd period - Shot Misses the Net.
12:52 of 2nd period - Andrew MacDonald is hit by Kris Draper and loses puck.
13:00 of 2nd period - Minor Penalty to Alexandre Burrows for High sticking.
13:01 of 2nd period - Ryan Kesler wins face-off versus Ray Whitney in RedWings zone.
13:12 of 2nd period - Shot by Ryan Kesler.
13:12 of 2nd period - Deflect By Brenden Morrow.
13:12 of 2nd period - Shot Blocked by Ryan Whitney.
13:24 of 2nd period - Shot by Brenden Morrow.
13:24 of 2nd period - Shot Misses the Net.
14:35 of 2nd period - Off-side.
14:36 of 2nd period - Nik Antropov wins face-off versus Pierre-Marc Bouchard in neutral zone.
15:01 of 2nd period - Shot by Brenden Morrow.
15:01 of 2nd period - Goal by Brenden Morrow - RedWings : 1 - Flames : 5.
15:02 of 2nd period - Travis Zajac wins face-off versus Anze Kopitar in neutral zone.
15:31 of 2nd period - Shot by Anze Kopitar.
15:31 of 2nd period - Shot Misses the Net.
15:49 of 2nd period - Keith Yandle is hit by Dustin Brown and loses puck.
16:01 of 2nd period - Icing by Keith Yandle.
16:02 of 2nd period - Nik Antropov wins face-off versus Pierre-Marc Bouchard in RedWings zone.
16:02 of 2nd period - Alexandre Burrows is hit by David Jones and loses puck.
16:29 of 2nd period - Shot by Nate Thompson.
16:29 of 2nd period - Shot Misses the Net.
16:32 of 2nd period - Icing by David Jones.
16:33 of 2nd period - Pierre-Marc Bouchard wins face-off versus Sergei Kostitsyn in Flames zone.
17:05 of 2nd period - Shot by Ryan Kesler.
17:05 of 2nd period - Stopped by Roberto Luongo without a rebound.
17:06 of 2nd period - Ryan Kesler wins face-off versus Travis Zajac in RedWings zone.
17:06 of 2nd period - Minor Penalty to Brian Campbell for Holding.
17:07 of 2nd period - Kris Draper wins face-off versus Ryan Kesler in RedWings zone.
17:20 of 2nd period - Shot by Ryan Kesler.
17:20 of 2nd period - Stopped by Roberto Luongo with a rebound.
17:22 of 2nd period - Shot by Niklas Kronwall.
17:22 of 2nd period - Shot Misses the Net.
17:24 of 2nd period - Shot by Devin Setoguchi.
17:24 of 2nd period - Goal by Devin Setoguchi - RedWings : 1 - Flames : 6.
17:24 of 2nd period - Alex Auld enters game.
17:25 of 2nd period - Travis Zajac wins face-off versus Ryan Kesler in neutral zone.
17:25 of 2nd period - Travis Zajac is hit by Brenden Morrow.
17:36 of 2nd period - Ryan Whitney is hit by Brenden Morrow and loses puck.
18:52 of 2nd period - Icing by Eric Brewer.
18:53 of 2nd period - Anze Kopitar wins face-off versus Nate Thompson in RedWings zone.
19:42 of 2nd period - Keith Yandle is hit by Devin Setoguchi and loses puck.

Period #3

0:01 of 3rd period - Ryan Kesler wins face-off versus Nik Antropov in neutral zone.
0:06 of 3rd period - Shot by Brenden Morrow.
0:06 of 3rd period - Stopped by Alex Auld without a rebound.
0:07 of 3rd period - Travis Zajac wins face-off versus Anze Kopitar in RedWings zone.
1:27 of 3rd period - Minor Penalty to Brenden Morrow for Diving.
1:28 of 3rd period - Nik Antropov wins face-off versus Pierre-Marc Bouchard in Flames zone.
1:33 of 3rd period - Shot by Zach Parise.
1:33 of 3rd period - Shot Misses the Net.
1:37 of 3rd period - Shot by Zach Parise.
1:37 of 3rd period - Deflect By Alexandre Burrows.
1:37 of 3rd period - Goal by Alexandre Burrows - RedWings : 2 - Flames : 6.
1:38 of 3rd period - Pierre-Marc Bouchard wins face-off versus Nik Antropov in neutral zone.
1:47 of 3rd period - Alexandre Burrows is hit by David Jones and loses puck.
2:06 of 3rd period - Shot by David Jones.
2:06 of 3rd period - Deflect By Alex Steen.
2:06 of 3rd period - Stopped by Alex Auld without a rebound.
2:07 of 3rd period - Nate Thompson wins face-off versus Brenden Morrow in RedWings zone.
2:16 of 3rd period - Shot by Sergei Kostitsyn.
2:16 of 3rd period - Shot Misses the Net.
2:18 of 3rd period - Shot by Eric Brewer.
2:18 of 3rd period - Shot Misses the Net.
3:04 of 3rd period - Toni Lydman is hit by Zach Parise and loses puck.
3:35 of 3rd period - Shot by Michael Grabner.
3:35 of 3rd period - Shot Blocked by Brian Campbell.
3:39 of 3rd period - Shot by Dustin Brown.
3:39 of 3rd period - Deflect By Michael Grabner.
3:39 of 3rd period - Stopped by Alex Auld without a rebound.
3:40 of 3rd period - Pierre-Marc Bouchard wins face-off versus Nik Antropov in RedWings zone.
3:47 of 3rd period - Shot by Pierre-Marc Bouchard.
3:47 of 3rd period - Stopped by Alex Auld with a rebound.
3:51 of 3rd period - Shot by Alex Steen.
3:51 of 3rd period - Shot Misses the Net.
3:53 of 3rd period - Shot by Alex Steen.
3:53 of 3rd period - Shot Misses the Net.
3:57 of 3rd period - Shot by Pierre-Marc Bouchard.
3:57 of 3rd period - Shot Misses the Net.
4:10 of 3rd period - Icing by Alexandre Burrows.
4:11 of 3rd period - Nik Antropov wins face-off versus Ryan Kesler in RedWings zone.
4:17 of 3rd period - Icing by Keith Yandle.
4:18 of 3rd period - Anze Kopitar wins face-off versus Nik Antropov in RedWings zone.
4:52 of 3rd period - Shot by Michael Grabner.
4:52 of 3rd period - Shot Misses the Net.
5:15 of 3rd period - Icing by Niklas Kronwall.
5:16 of 3rd period - Nate Thompson wins face-off versus Ryan Kesler in Flames zone.
5:17 of 3rd period - Shot by Sergei Kostitsyn.
5:17 of 3rd period - Stopped by Miikka Kiprusoff without a rebound.
5:18 of 3rd period - Pierre-Marc Bouchard wins face-off versus Nate Thompson in Flames zone.
5:20 of 3rd period - Icing by David Jones.
5:21 of 3rd period - Nate Thompson wins face-off versus Pierre-Marc Bouchard in Flames zone.
5:39 of 3rd period - Icing by Andrew MacDonald.
5:40 of 3rd period - Pierre-Marc Bouchard wins face-off versus Nik Antropov in Flames zone.
5:49 of 3rd period - Icing by Alexandre Burrows.
5:50 of 3rd period - Nik Antropov wins face-off versus Ryan Kesler in RedWings zone.
5:54 of 3rd period - Off-side.
5:55 of 3rd period - Ryan Kesler wins face-off versus Travis Zajac in neutral zone.
6:12 of 3rd period - Shot by Ryan Kesler.
6:12 of 3rd period - Shot Misses the Net.
6:14 of 3rd period - Shot by Ryan Kesler.
6:14 of 3rd period - Shot Misses the Net.
6:16 of 3rd period - Shot by Ryan Kesler.
6:16 of 3rd period - Goal by Ryan Kesler - RedWings : 2 - Flames : 7.
6:17 of 3rd period - Nate Thompson wins face-off versus Pierre-Marc Bouchard in neutral zone.
6:26 of 3rd period - Shot by Eric Brewer.
6:26 of 3rd period - Stopped by Miikka Kiprusoff without a rebound.
6:27 of 3rd period - Alexandre Burrows wins face-off versus Anze Kopitar in Flames zone.
6:27 of 3rd period - Alexandre Burrows is hit by Dan Hamhuis.
6:39 of 3rd period - Shot by Ray Whitney.
6:39 of 3rd period - Shot Misses the Net.
6:41 of 3rd period - Shot by Alexandre Burrows.
6:41 of 3rd period - Shot Misses the Net.
7:14 of 3rd period - Minor Penalty to Toni Lydman for Goalie Interference.
7:15 of 3rd period - Anze Kopitar wins face-off versus Travis Zajac in Flames zone.
7:32 of 3rd period - Sergei Kostitsyn is hit by Andrew MacDonald and loses puck.
7:58 of 3rd period - Off-side.
7:59 of 3rd period - Anze Kopitar wins face-off versus Nik Antropov in neutral zone.
8:35 of 3rd period - Icing by Keith Yandle.
8:36 of 3rd period - Nik Antropov wins face-off versus Ryan Kesler in RedWings zone.
9:37 of 3rd period - Shot by Alex Steen.
9:37 of 3rd period - Stopped by Alex Auld without a rebound.
9:38 of 3rd period - Ryan Kesler wins face-off versus Travis Zajac in RedWings zone.
9:42 of 3rd period - Ryan Kesler is hit by Brian Campbell and loses puck.
10:05 of 3rd period - Icing by Ray Whitney.
10:06 of 3rd period - Travis Zajac wins face-off versus Anze Kopitar in RedWings zone.
10:20 of 3rd period - Minor Penalty to Jamie Langenbrunner for Slashing.
10:21 of 3rd period - Anze Kopitar wins face-off versus Nate Thompson in RedWings zone.
10:35 of 3rd period - Icing by Anze Kopitar.
10:36 of 3rd period - Nate Thompson wins face-off versus Anze Kopitar in Flames zone.
10:59 of 3rd period - Shot by Anze Kopitar.
10:59 of 3rd period - Shot Blocked by Brett Clark.
11:21 of 3rd period - Ryan Kesler is hit by Alexandre Burrows and loses puck.
11:29 of 3rd period - Icing by Ryan Kesler.
11:30 of 3rd period - Ryan Kesler wins face-off versus Nate Thompson in Flames zone.
11:37 of 3rd period - Shot by Niklas Kronwall.
11:37 of 3rd period - Shot Misses the Net.
11:41 of 3rd period - Shot by David Jones.
11:41 of 3rd period - Deflect By Ryan Kesler.
11:41 of 3rd period - Stopped by Alex Auld without a rebound.
11:42 of 3rd period - Ryan Kesler wins face-off versus Kris Draper in RedWings zone.
11:47 of 3rd period - Shot by Niklas Kronwall.
11:47 of 3rd period - Stopped by Alex Auld without a rebound.
11:48 of 3rd period - Nate Thompson wins face-off versus Brenden Morrow in RedWings zone.
12:03 of 3rd period - Shot by Ryan Kesler.
12:03 of 3rd period - Stopped by Alex Auld without a rebound.
12:04 of 3rd period - Zach Parise wins face-off versus Anze Kopitar in RedWings zone.
12:44 of 3rd period - Shot by Curtis Glencross.
12:44 of 3rd period - Stopped by Miikka Kiprusoff with a rebound.
12:46 of 3rd period - Shot by Jamie Langenbrunner.
12:46 of 3rd period - Stopped by Miikka Kiprusoff without a rebound.
12:47 of 3rd period - Ryan Kesler wins face-off versus Nik Antropov in Flames zone.
12:49 of 3rd period - Dan Boyle is hit by Alexandre Burrows and loses puck.
13:07 of 3rd period - Ryan Kesler is hit by Keith Yandle and loses puck.
13:27 of 3rd period - Icing by Niklas Kronwall.
13:28 of 3rd period - Ryan Kesler wins face-off versus Nate Thompson in Flames zone.
13:28 of 3rd period - Ryan Kesler is hit by Curtis Glencross.
14:07 of 3rd period - Shot by Nate Thompson.
14:07 of 3rd period - Deflect By Curtis Glencross.
14:07 of 3rd period - Stopped by Miikka Kiprusoff with a rebound.
14:22 of 3rd period - Icing by Brian Campbell.
14:23 of 3rd period - Pierre-Marc Bouchard wins face-off versus Travis Zajac in RedWings zone.
15:10 of 3rd period - Shot by Ray Whitney.
15:10 of 3rd period - Stopped by Miikka Kiprusoff with a rebound.
15:30 of 3rd period - Shot by Ray Whitney.
15:30 of 3rd period - Stopped by Miikka Kiprusoff with a rebound.
15:34 of 3rd period - Shot by Ray Whitney.
15:34 of 3rd period - Shot Blocked by Andrew MacDonald.
15:36 of 3rd period - Shot by Keith Yandle.
15:36 of 3rd period - Stopped by Miikka Kiprusoff with a rebound.
16:22 of 3rd period - Shot by Sergei Kostitsyn.
16:22 of 3rd period - Shot Blocked by Andrew MacDonald.
16:24 of 3rd period - Shot by Sergei Kostitsyn.
16:24 of 3rd period - Deflect By Curtis Glencross.
16:24 of 3rd period - Shot Blocked by Jack Johnson.
16:31 of 3rd period - Icing by Jack Johnson.
16:32 of 3rd period - Travis Zajac wins face-off versus Alex Steen in Flames zone.
17:11 of 3rd period - Shot by Niklas Kronwall.
17:11 of 3rd period - Shot Misses the Net.
17:34 of 3rd period - Icing by Zach Parise.
17:35 of 3rd period - Travis Zajac wins face-off versus Anze Kopitar in RedWings zone.
17:37 of 3rd period - Zach Parise is hit by Anze Kopitar and loses puck.
17:44 of 3rd period - Shot by Michael Grabner.
17:44 of 3rd period - Stopped by Alex Auld without a rebound.
17:45 of 3rd period - Ray Whitney wins face-off versus Anze Kopitar in RedWings zone.
18:24 of 3rd period - Shot by Anze Kopitar.
18:24 of 3rd period - Stopped by Alex Auld without a rebound.
18:25 of 3rd period - Ryan Kesler wins face-off versus Nate Thompson in RedWings zone.
18:42 of 3rd period - Shot by Brenden Morrow.
18:42 of 3rd period - Stopped by Alex Auld without a rebound.
18:43 of 3rd period - Nik Antropov wins face-off versus Anze Kopitar in RedWings zone.
18:50 of 3rd period - Shot by Alexandre Burrows.
18:50 of 3rd period - Stopped by Miikka Kiprusoff without a rebound.
18:51 of 3rd period - Ryan Kesler wins face-off versus Nate Thompson in Flames zone.
19:34 of 3rd period - Icing by Nate Thompson.
19:35 of 3rd period - Anze Kopitar wins face-off versus Nate Thompson in RedWings zone.
19:36 of 3rd period - Shot by Michael Grabner.
19:36 of 3rd period - Stopped by Alex Auld with a rebound.
19:38 of 3rd period - Shot by Devin Setoguchi.
19:38 of 3rd period - Deflect By Anze Kopitar.
19:38 of 3rd period - Shot Misses the Net.


Output by the SimonT Hockey Simulator (STHS) for Stephane Roy -- Original Page W3C XHTML 1.0 Valid